 Dungeon Crawl Stone Soup version 0.30-a0-1160-g6e42c06551 (webtiles) character file.

Game seed: 12437065811682856708

44139 retardedninja the Thaumaturge (level 14, 0/108 HPs)
             Began as a Gnoll Fire Elementalist on Apr 26, 2023.
             Was a High Priest of Cheibriados.
             Slain by an orc warrior
             ... wielding a +0 glaive
              (6 damage)
             ... on level 1 of the Orcish Mines.
             The game lasted 00:39:09 (31271 turns).

retardedninja the Thaumaturge (GnFE)               Turns: 31271, Time: 00:39:10

Health: 0/108      AC: 12    Str: 24    XL:     14   Next: 27%
Magic:  22/38      EV: 23    Int: 43    God:    Cheibriados [*****.]
Gold:   1260       SH:  0    Dex: 29    Spells: 24/34 levels left

rFire   . .          .
                       - Unarmed
rCold   + . .        (no shield)
rNeg    . . .        a - +0 robe
rPois   .            y - +3 hat of Pondering {ponderous, Will+ MP+10 Int+5}
rElec   .            I - +1 cloak
rCorr   .            d - +0 pair of gloves
SInv    .            H - +1 pair of boots
Will    +++..        C - amulet of magic regeneration
Stlth   +++++        o - ring of the Floral Pear {rC+ Str+3 Int+6}
HPRegen 0.38/turn    p - ring of willpower
MPRegen 0.66/turn

%: no passive effects
@: very slow
A: fangs 1, strong nose, distributed training
a: Renounce Religion, Bend Time, Temporal Distortion, Slouch, Step From Time


You were on level 1 of the Orcish Mines.
You worshipped Cheibriados.
Cheibriados was extremely pleased with you.
You visited 4 branches of the dungeon, and saw 18 of its levels.
You also visited: Ossuary.

You collected 1432 gold pieces.
You spent 172 gold pieces at shops.

Inventory:

Hand Weapons
 E - a +5 triple sword of protection
Missiles
 q - 6 throwing nets
Armour
 a - a +0 robe (worn)
 d - a +0 pair of gloves (worn)
 y - the +3 hat of Pondering (worn) {ponderous, Will+ MP+10 Int+5}
   (You took it off Gastronok on level 1 of the Lair of Beasts)

   Int:       It affects your intelligence (+5).
   MP:        It affects your magic capacity (+10).
   Will:      It increases your willpower.
 H - a +1 pair of boots (worn)
 I - a +1 cloak (worn)
Jewellery
 k - an amulet of the acrobat
 o - the ring of the Floral Pear (left hand) {rC+ Str+3 Int+6}
   (You took it off a hobgoblin on level 2 of the Dungeon)

   [ring of intelligence]

   Str:       It affects your strength (+3).
   Int:       It affects your intelligence (+6).
   rC:        It protects you from cold.
 p - a ring of willpower (right hand)
 w - a +5 ring of evasion
 C - an amulet of magic regeneration (around neck)
Wands
 n - a wand of flame (26)
 t - a wand of paralysis (10)
 D - a wand of iceblast (2)
Scrolls
 e - a scroll of poison
 f - a scroll of immolation
 h - 5 scrolls of amnesia
 j - 2 scrolls of vulnerability
 r - 2 scrolls of identify
 v - 4 scrolls of fog
Potions
 b - a potion of attraction
 l - 3 potions of cancellation
 s - a potion of might
 x - 2 potions of lignification
 z - 3 potions of brilliance
 A - a potion of resistance
 B - 4 potions of mutation
 G - a potion of flight


   Skills:
 + Level 9.4 Fighting
 + Level 9.4 Short Blades
 + Level 9.4 Long Blades
 + Level 9.4 Axes
 + Level 9.4 Maces & Flails
 + Level 9.4 Polearms
 + Level 9.4 Staves
 + Level 9.4 Ranged Weapons
 + Level 9.4 Throwing
 + Level 9.4 Armour
 + Level 10.5 Dodging
 + Level 10.3 Stealth
 + Level 9.4 Shields
 + Level 9.4 Unarmed Combat
 + Level 10.7 Spellcasting
 + Level 8.2 Conjurations
 + Level 7.8 Hexes
 + Level 7.8 Summonings
 + Level 7.8 Necromancy
 + Level 7.8 Translocations
 + Level 7.8 Transmutations
 + Level 9.6 Fire Magic
 + Level 7.8 Ice Magic
 + Level 7.8 Air Magic
 + Level 7.8 Earth Magic
 + Level 7.8 Poison Magic
 + Level 10.2 Invocations
 + Level 9.4 Evocations


You had 24 spell levels left.
You knew the following spells:

 Your Spells              Type           Power      Damage    Failure   Level
a - Foxfire               Conj/Fire      100%       2x1d9     1%          1
b - Scorch                Fire           100%       2d9       1%          2
c - Flame Wave            Conj/Fire      79%        2d17      1%          4
d - Inner Flame           Hex/Fire       78%        N/A       1%          3

Your spell library contained the following spells:

 Spells                   Type           Power      Damage    Failure   Level
 Slow                     Hex            100%       N/A       1%          1
 Sting                    Tmut/Pois      100%       1d8       1%          1
 Poisonous Vapours        Pois/Air       100%       N/A       1%          2
 Sublimation of Blood     Necr           74%        N/A       1%          2
 Wereblood                Tmut           74%        N/A       1%          2
 Confusing Touch          Hex            74%        N/A       1%          3
 Hailstorm                Conj/Ice       75%        3d15      1%          3
 Vampiric Draining        Necr           74%        2d11      1%          3
 Volatile Blastmotes      Fire/Tloc      100%       2d18      1%          3
 Ice Form                 Ice/Tmut       74%        N/A       1%          4
 Olgreb's Toxic Radiance  Pois           74%        N/A       1%          4
 Conjure Ball Lightning   Conj/Air       37%        3x3d12    8%          6
 Simulacrum               Ice/Necr       37%        N/A       9%          6
 Summon Hydra             Summ           37%        N/A       41%         7
 Discord                  Hex            37%        N/A       98%         8
 Disjunction              Tloc           37%        N/A       98%         8


Dungeon Overview and Level Annotations

Branches:
Dungeon (10/15)            Temple (1/1) D:5            Lair (5/5) D:9
  Swamp (0/4) Lair:2       Spider (0/4) Lair:3        Slime (0/5) Lair:5
    Orc (2/2) D:10        Ossuary (visited)
    Elf: Orc:2

Altars:
Ashenzari
Cheibriados
Dithmenos
Elyvilon
Fedhas
Gozag
Hepliaklqana
Kikubaaqudgha
Makhleb
Nemelex Xobeh
Okawaru
Qazlal
Ru
Sif Muna
Trog
Uskayaw
Vehumet
Wu Jian
Xom
Yredelemnul
Zin
The Shining One
Jiyva

Shops:
D:3 (   D:10 *

Annotations:
Lair:5 exclusion: 2 oklob plants
Orc:2 Saint Roka


Innate Abilities, Weirdness & Mutations

You have very sharp teeth.
Your uncanny sense of smell can sniff out nearby items.
Your experience applies equally to all skills.


Message History

Cheibriados appreciates the change of pace.
The flame wave engulfs the orc wizard!
The orc wizard is almost dead.
Unknown command.
A wave of flame ripples out!
The flame wave engulfs something!
Cheibriados appreciates the change of pace.
Reactivating autopickup.
You feel a bit more experienced.
The flame wave engulfs the orc wizard!!
You kill the orc wizard!
Cheibriados thoroughly appreciates the change of pace.
The flame wave engulfs the orc warrior!
The orc warrior is heavily wounded.
You finish channelling waves of flame.
The orc warrior completely misses you. The orc warrior closely misses you.
Unknown command.
The orc priest calls upon Beogh to heal the orc warrior.
The orc warrior is healed somewhat.
The orc warrior completely misses you.
Casting: Flame Wave (safe; 1% risk of failure)
Confirm with . or Enter, or press ? or * to list all spells.
Casting: Flame Wave (safe; 1% risk of failure)
Press: ? - help, Dir - look around, f - activate A wave of flame ripples out! (Press . to intensify the flame waves.)
The orc warrior barely misses you.
A wave of flame ripples out!
The flame wave engulfs the orc priest!
The orc priest is severely wounded.
The flame wave engulfs the orc warrior but does no damage.
The flame wave engulfs the orc warrior!!
You kill the orc warrior!
Cheibriados appreciates the change of pace.
The orc warrior completely misses you. The orc priest misses you.
Unknown command.
A wave of flame ripples out!
The flame wave engulfs the orc priest!
You kill the orc priest!
Cheibriados appreciates the change of pace.
The flame wave engulfs the orc warrior.
The orc warrior is lightly wounded.
You finish channelling waves of flame.
The orc warrior hits you from afar with a +0 glaive.
You die...

#####......#..########.##...#
##..#.#.#........#.#.#......##
#........#.....)......#.....## #
##.......#...[[[)............##
###.....#......((.[.......#.....#
.##....##..##..[.))..............
..#............[..[..#...........
.....#.........[))............_..
.....#.........)@)o).............
................))....#..........
.......#........).........##....#
...#.................##....##..##
.......##...............#.##...#
#.................#.......##...#
#................##.##........##
................##........##.##
#....#.###.##.......#...###...#


You could see an orc warrior.

Vanquished Creatures
  Gastronok (Lair:1)
  An orc warlord (Orc:1)
  Harold (D:9)
  4 hydras
  Erica (Lair:1)
  Sonja (Lair:1)
  An orc knight (Orc:1)
  Pikel (D:5)
  2 wolf spiders (Lair:4)
  An orc sorcerer (Orc:1)
  An ugly thing (D:9)
  27 elephants
  A gargoyle (D:10)
  6 black mambas
  9 cane toads
  2 rime drakes (Lair:3)
  4 komodo dragons
  3 burning bushes (Lair:1)
  A polar bear (Lair:4)
  15 blink frogs
  2 hornets
  A slime creature (Lair:5)
  2 jumping spiders (Lair:3)
  Sigmund (D:5)
  32 yaks
  9 wyverns
  A wraith (Ossuary)
  3 basilisks
  A redback (Lair:3)
  A warg (Lair:5)
  Duvessa (D:4)
  15 water moccasins
  2 ice beasts
  13 orc warriors
  A swamp drake (D:10)
  2 black bears (D:7)
  A hornet zombie (D:8)
  A sky beast (D:7)
  19 wolves
  3 ogres (Orc:1)
  A centaur (D:7)
  2 lemures (D:4)
  A phantom (D:7)
  2 kobold brigands
  15 bullfrogs
  2 scorpions
  2 gnoll sergeants (D:9)
  4 wights (D:9)
  Dowan (D:4)
  5 killer bees (D:9)
  6 howler monkeys
  5 hounds
  11 orc priests
  2 gnoll boudas (D:8)
  4 jellies
  6 iguanas
  An iron imp (D:6)
  A sleepcap (D:7)
  13 orc wizards
  A killer bee zombie (D:8)
  A mummy (Ossuary)
  10 adders
  17 gnolls
  A shadow imp (D:5)
  A white imp (D:6)
  A worm (D:1)
  4 dart slugs
  59 orcs
  6 ball pythons
  3 bats (D:2)
  5 endoplasms
  8 giant cockroaches
  14 goblins
  9 hobgoblins
  3 jackals
  21 kobolds
  3 quokkas
  4 frilled lizards
  2 gnoll skeletons (Ossuary)
  6 kobold skeletons (Ossuary)
  17 orc skeletons (Ossuary)
  6 rats
  A bush (Lair:4)
481 creatures vanquished.

Vanquished Creatures (collateral kills)
  9 foxfires
9 creatures vanquished.

Vanquished Creatures (others)
  A bush (Lair:2)
  1340 foxfires
  34 fungi
  72 plants
1447 creatures vanquished.

Grand Total: 1937 creatures vanquished

Notes
Turn   | Place    | Note
-------+----------+-------------------------------------------
     0 | D:1      | retardedninja the Gnoll Fire Elementalist began the quest
                  | for the Orb.
     0 | D:1      | Reached XP level 1. HP: 13/13 MP: 6/6
   221 | D:1      | Reached XP level 2. HP: 14/19 MP: 7/7
   794 | D:1      | Reached skill level 5 in Spellcasting
   794 | D:1      | Reached XP level 3. HP: 25/25 MP: 3/9
  1240 | D:1      | Reached skill level 1 in Invocations
  1629 | D:1      | Learned a level 2 spell: Scorch
  1727 | D:2      | Reached skill level 1 in Fighting
  1727 | D:2      | Reached skill level 1 in Short Blades
  1727 | D:2      | Reached skill level 1 in Long Blades
  1727 | D:2      | Reached skill level 1 in Axes
  1727 | D:2      | Reached skill level 1 in Maces & Flails
  1727 | D:2      | Reached skill level 1 in Polearms
  1727 | D:2      | Reached skill level 1 in Staves
  1727 | D:2      | Reached skill level 1 in Ranged Weapons
  1727 | D:2      | Reached skill level 1 in Throwing
  1727 | D:2      | Reached skill level 1 in Armour
  1727 | D:2      | Reached skill level 1 in Shields
  1727 | D:2      | Reached skill level 1 in Unarmed Combat
  1727 | D:2      | Reached skill level 1 in Evocations
  1898 | D:2      | Reached XP level 4. HP: 32/32 MP: 8/11
  2053 | D:2      | Reached skill level 1 in Hexes
  2053 | D:2      | Reached skill level 1 in Summonings
  2053 | D:2      | Reached skill level 1 in Necromancy
  2053 | D:2      | Reached skill level 1 in Translocations
  2053 | D:2      | Reached skill level 1 in Transmutations
  2053 | D:2      | Reached skill level 1 in Ice Magic
  2053 | D:2      | Reached skill level 1 in Air Magic
  2053 | D:2      | Reached skill level 1 in Earth Magic
  2053 | D:2      | Reached skill level 1 in Poison Magic
  2502 | D:2      | Reached XP level 5. HP: 34/37 MP: 8/12
  2504 | D:2      | Identified the ring of the Floral Pear {rC+ Str+3 Int+6}
                  | (You took it off a hobgoblin on level 2 of the Dungeon)
  2709 | D:3      | Found Koter's Weapon Shop.
  3361 | D:3      | Reached XP level 6. HP: 19/44 MP: 2/13
  4023 | D:4      | Found a burning altar of Makhleb.
  4035 | D:4      | Reached skill level 5 in Dodging
  4229 | D:4      | Noticed Duvessa
  4277 | D:4      | Found a shimmering blue altar of Sif Muna.
  4335 | D:4      | Noticed Dowan
  4342 | D:4      | Killed Duvessa
  4352 | D:4      | Killed Dowan
  4353 | D:4      | Reached XP level 7. HP: 39/50 MP: 0/15
  4493 | D:4      | Found a bloodstained altar of Trog.
  4621 | D:4      | Found a sand-covered staircase.
  4664 | Ossuary  | Entered an ossuary
  4664 | Ossuary  | Noticed a wraith
  4664 | Ossuary  | Noticed a wraith
  4664 | Ossuary  | Noticed a wraith
  4814 | Ossuary  | Noticed a wraith
  4855 | Ossuary  | Killed a wraith
  4856 | Ossuary  | Reached skill level 5 in Stealth
  5631 | D:5      | Entered Level 5 of the Dungeon
  5979 | D:5      | Noticed Pikel
  5999 | D:5      | Killed Pikel
  6000 | D:5      | Reached XP level 8. HP: 55/58 MP: 13/17
  6136 | D:5      | Noticed Sigmund
  6159 | D:5      | Killed Sigmund
  6949 | D:5      | Found a staircase to the Ecumenical Temple.
  6963 | D:5      | Identified the +5 ring mail "Lumir" {+Blink rElec rF+}
  6972 | Temple   | Entered the Ecumenical Temple
  7559 | D:6      | Found a snail-covered altar of Cheibriados.
  7620 | D:6      | Became a worshipper of Cheibriados the Contemplative
  8069 | D:6      | Reached XP level 9. HP: 64/65 MP: 10/18
  8442 | D:6      | Found a hazy altar of Hepliaklqana.
  8826 | D:7      | Reached * piety under Cheibriados
  9675 | D:7      | Reached skill level 5 in Invocations
  9775 | D:7      | Learned a level 4 spell: Flame Wave
  9779 | D:7      | Learned a level 3 spell: Inner Flame
  9822 | D:7      | Reached ** piety under Cheibriados
  9866 | D:7      | Reached skill level 5 in Fighting
  9866 | D:7      | Reached skill level 5 in Short Blades
  9866 | D:7      | Reached skill level 5 in Long Blades
  9866 | D:7      | Reached skill level 5 in Axes
  9866 | D:7      | Reached skill level 5 in Maces & Flails
  9866 | D:7      | Reached skill level 5 in Polearms
  9866 | D:7      | Reached skill level 5 in Staves
  9866 | D:7      | Reached skill level 5 in Ranged Weapons
  9866 | D:7      | Reached skill level 5 in Throwing
  9866 | D:7      | Reached skill level 5 in Armour
  9866 | D:7      | Reached skill level 5 in Shields
  9866 | D:7      | Reached skill level 5 in Unarmed Combat
  9866 | D:7      | Reached skill level 5 in Evocations
  9866 | D:7      | Reached XP level 10. HP: 43/74 MP: 0/20
 10701 | D:8      | Found a basalt altar of Yredelemnul.
 11493 | D:8      | Identified the +0 ring mail of Beogh's Condemnation {Str+3
                  | Int-2 SInv}
 11645 | D:8      | Reached *** piety under Cheibriados
 11646 | D:8      | Reached skill level 5 in Conjurations
 13278 | D:9      | Noticed a brown ugly thing
 13289 | D:9      | Killed a brown ugly thing
 13452 | D:9      | Reached skill level 5 in Hexes
 13452 | D:9      | Reached skill level 5 in Summonings
 13452 | D:9      | Reached skill level 5 in Necromancy
 13452 | D:9      | Reached skill level 5 in Translocations
 13452 | D:9      | Reached skill level 5 in Transmutations
 13452 | D:9      | Reached skill level 5 in Ice Magic
 13452 | D:9      | Reached skill level 5 in Air Magic
 13452 | D:9      | Reached skill level 5 in Earth Magic
 13452 | D:9      | Reached skill level 5 in Poison Magic
 13777 | D:9      | Found a shimmering altar of Xom.
 13788 | D:9      | Found a shadowy altar of Dithmenos.
 13795 | D:9      | Reached XP level 11. HP: 77/81 MP: 17/22
 14037 | D:9      | Reached **** piety under Cheibriados
 14095 | D:9      | Found a staircase to the Lair.
 14247 | D:10     | Entered Level 10 of the Dungeon
 14788 | D:10     | Identified the +2 trident "Het Ekh" {flame, *Slow Str+5}
 14822 | D:10     | Found Zaiqaxko's Assorted Antiques.
 14832 | D:10     | Bought a pair of glowing boots for 172 gold pieces
 15061 | D:10     | Found a staircase to the Orcish Mines.
 15298 | D:10     | Identified a scroll of acquirement
 15299 | D:10     | Acquired a +3 triple sword of protection
 15442 | Lair:1   | Entered Level 1 of the Lair of Beasts
 15444 | Lair:1   | Noticed Harold
 15559 | Lair:1   | Noticed Erica
 15579 | D:9      | HP: 4/83 [Harold/+2 heavy war axe (28)]
 15580 | D:9      | Killed Harold
 15580 | D:9      | Reached ***** piety under Cheibriados
 16349 | Lair:1   | Killed Erica
 17178 | Lair:1   | Noticed Gastronok
 17192 | Lair:1   | Killed Gastronok
 18208 | Lair:1   | Reached XP level 12. HP: 91/91 MP: 24/24
 18515 | Lair:1   | Noticed Sonja
 18532 | Lair:1   | Killed Sonja
 19620 | Lair:2   | Noticed a four-headed hydra
 19652 | Lair:2   | Killed a four-headed hydra
 20096 | Lair:2   | Found a staircase to the Swamp.
 20614 | Lair:2   | Noticed a five-headed hydra
 21320 | Lair:2   | Killed a five-headed hydra
 22358 | Lair:3   | Reached ****** piety under Cheibriados
 22359 | Lair:3   | Reached XP level 13. HP: 64/98 MP: 26/26
 23990 | Lair:3   | Found a hole to the Spider Nest.
 24374 | Lair:4   | Reached skill level 10 in Spellcasting
 25346 | Lair:4   | Identified the +7 mace of the Crushed Suns {flame, rN+
                  | rCorr}
 25451 | Lair:4   | Found an iron altar of Okawaru.
 25519 | Lair:4   | Identified the +2 ring mail "Deymaj" {Int+4}
 25641 | Lair:4   | You fall into a shaft and drop 1 floor!
 25641 | Lair:5   | Entered Level 5 of the Lair of Beasts
 25700 | Lair:4   | Reached skill level 10 in Dodging
 26672 | Lair:5   | Reached skill level 10 in Stealth
 27333 | Lair:5   | Noticed a fire dragon
 27348 | Lair:5   | Found a viscous altar of Jiyva.
 27350 | Lair:5   | Found a staircase to the Slime Pits.
 28277 | Lair:4   | Reached XP level 14. HP: 97/108 MP: 28/28
 28418 | Lair:5   | Reached skill level 10 in Invocations
 28902 | Lair:5   | HP: 5/108 [poisoned by a cane toad]
 28905 | Lair:5   | HP: 2/108 [poisoned by a cane toad]
 29635 | Orc:1    | Entered Level 1 of the Orcish Mines
 29687 | Orc:1    | Noticed an orc warlord
 29700 | Orc:1    | Killed an orc warlord
 29856 | Orc:1    | HP: 3/108 [orc knight/+0 dire flail (20)]
 30566 | Orc:2    | Entered Level 2 of the Orcish Mines
 30569 | Orc:2    | Noticed Saint Roka
 31264 | Orc:1    | HP: 3/108 [orc priest/divine providence (13)]
 31271 | Orc:1    | Slain by an orc warrior

Illustrated notes

Levels and vault maps discovered:
D:1:      lemuel_arrival_cross, layout_loops_corners, st_stairs_5
D:2:      layout_rooms, minmay_close_crescents
D:3:      layout_rooms, serial_shops, nicolae_shop_tiny_glass,
          minmay_fractal_squares_5
D:4:      layout_loops_cross, makhleb_heckhound_becter,
          mainiacjoe_overflow_chevrons, nicolae_sif_muna_little_library,
          nicolae_ossuary_entry_ruins, uniq_duvessa
D:5:      layout_loops_corners, minmay_temple_entry_antechambers, uniq_pikel,
          uniq_sigmund
D:6:      layout_basic, worldfamousw_hep_ancestral_shrine, slow_altar_1
D:7:      layout_gridville, hangedman_decor_slide_cut,
          minmay_fractal_squares_diagonal_5
D:8:      layout_basic, lemuel_zombie_altar_yredelemnul
D:9:      layout_stronghold, mainiacjoe_overflow_large_starburst,
          lair_entry_dummy, chequers_serial_rivers_marsh, evilmike_minifort
D:10:     layout_roguey, erik_orc_1, serial_shops,
          nicolae_shop_overgrown_old_shop
Temple:   dpeg_chambers_temple
Lair:1:   layout_layer_cave, evilmike_ambush [evilmike_ambush_outer_corners,
          evilmike_ambush_inner_cross], uniq_sonja, uniq_erica, uniq_harold,
          uniq_gastronok
Lair:2:   layout_roguey, minmay_swamp_entry_reptiles, grunt_megastairs_1
Lair:3:   layout_concentric_octagons, spider_nest_entry_a,
          infiniplex_staircase_pool_2
Lair:4:   layout_layer_cave, basic_altar, nicolae_lair_run_with_the_wolves,
          grunt_megastairs_5
Lair:5:   hangedman_lair_caniforms_friends, layout_cave_pods,
          guppyfry_lair_end_dragon, minmay_slime_entry_pillars,
          chequers_serial_rivers_micro_e, dpeg_oklob_1, uniq_josephine
Orc:1:    layout_caves, basic_altar
Orc:2:    grunt_orc_tribal_feast, layout_caves, uniq_saint_roka

Skill      XL: |  1  2  3  4  5  6  7  8  9 10 11 12 13 14 |
---------------+-------------------------------------------+-----
Conjurations   | 2 3 4 5 6 7 8 |  8.2
Spellcasting   | 5 6 7 8 9 10 | 10.7
Invocations    | 1 2 3 4 5 6 7 8 9 10 | 10.2
Fighting       | 1 2 3 5 6 7 8 9 |  9.4
Short Blades   | 1 2 3 5 6 7 8 9 |  9.4
Long Blades    | 1 2 3 5 6 7 8 9 |  9.4
Axes           | 1 2 3 5 6 7 8 9 |  9.4
Maces & Flails | 1 2 3 5 6 7 8 9 |  9.4
Polearms       | 1 2 3 5 6 7 8 9 |  9.4
Staves         | 1 2 3 5 6 7 8 9 |  9.4
Ranged Weapons | 1 2 3 5 6 7 8 9 |  9.4
Throwing       | 1 2 3 5 6 7 8 9 |  9.4
Armour         | 1 2 3 5 6 7 8 9 |  9.4
Shields        | 1 2 3 5 6 7 8 9 |  9.4
Unarmed Combat | 1 2 3 5 6 7 8 9 |  9.4
Evocations     | 1 2 3 5 6 7 8 9 |  9.4
Hexes          | 1 2 3 4 5 6 7 |  7.8
Summonings     | 1 2 3 4 5 6 7 |  7.8
Necromancy     | 1 2 3 4 5 6 7 |  7.8
Translocations | 1 2 3 4 5 6 7 |  7.8
Transmutations | 1 2 3 4 5 6 7 |  7.8
Ice Magic      | 1 2 3 4 5 6 7 |  7.8
Air Magic      | 1 2 3 4 5 6 7 |  7.8
Earth Magic    | 1 2 3 4 5 6 7 |  7.8
Poison Magic   | 1 2 3 4 5 6 7 |  7.8
Dodging        | 5 6 7 8 9 10 | 10.5
Stealth        | 5 6 7 8 9 10 | 10.3
Fire Magic     | 6 7 8 9 |  9.6

Action                     |  1- 3 |  4- 6 |  7- 9 | 10-12 | 13-15 || total
---------------------------+-------+-------+-------+-------+-------++-------
  Melee: Unarmed           |    15 |       |       |       |     8 ||    23
         Bite              |     2 |     1 |    12 |     6 |     7 ||    28
         Dagger            |     3 |       |       |       |       ||     3
         Spear             |       |     8 |    74 |     9 |       ||    91
         Punch             |       |       |     1 |       |       ||     1
         Triple sword      |       |       |       |    28 |    23 ||    51
   Cast: Foxfire           |    95 |   111 |   165 |   284 |   131 ||   786
         Scorch            |     1 |    26 |    59 |    62 |    28 ||   176
         Flame Wave        |       |       |     2 |    42 |    56 ||   100
 Invoke: Step From Time    |       |       |       |       |     4 ||     4
  Evoke: Wand              |       |       |     6 |     3 |    10 ||    19
    Use: Scroll            |       |     6 |     3 |    19 |    15 ||    43
         Potion            |       |     3 |     3 |     4 |     8 ||    18
   Stab: Paralysed         |       |       |    26 |       |     1 ||    27
 Armour: Robe              |     9 |    11 |    46 |    86 |   131 ||   283
  Dodge: Dodged            |    22 |    38 |   150 |   432 |   720 ||  1362

Table legend: (Time is in decaauts)
 A = Elapsed time spent in this place.
 B = Non-inter-level travel time spent in this place.
 C = Inter-level travel time spent in this place.
 D = Time resting spent in this place.
 E = Time spent auto-exploring this place.
 F = Levels seen in this place.
 G = Mean time per level.
                   A        B        C        D        E       F      G
               +--------+--------+--------+--------+--------+-----+--------+
         Total |  37394 |  35663 |   1731 |  13266 |  17910 |  19 | 1968.1 |
       Dungeon |  18045 |  16656 |   1389 |   4908 |   9544 |  10 | 1804.5 |
        Temple |    264 |    245 |     19 |      0 |    232 |   1 |  264.0 |
          Lair |  16462 |  16182 |    280 |   6849 |   7437 |   5 | 3292.4 |
  Orcish Mines |   1908 |   1866 |     42 |   1283 |    374 |   2 |  954.0 |
       Ossuary |    713 |    713 |      0 |    226 |    322 |   1 |  713.0 |
               +--------+--------+--------+--------+--------+-----+--------+

Top non-repeatable levels by time:
  Lair:4: 5582 daAuts
     D:9: 4190 daAuts
  Lair:2: 3444 daAuts
  Lair:1: 3382 daAuts
  Lair:3: 3175 daAuts
     D:8: 2191 daAuts
   Orc:1: 1873 daAuts
     D:1: 1730 daAuts
     D:6: 1715 daAuts
    D:10: 1696 daAuts
     D:7: 1592 daAuts
     D:5: 1445 daAuts
     D:4: 1300 daAuts
     D:2: 1157 daAuts
     D:3: 1025 daAuts
